 Dungeon Sprint DCSS version 0.20.1-1-g8b1a95d (webtiles) character file.

14088 NeonDemon the Brawler (level 11, 101/101 HPs)
             Began as a Troll Fighter on Sept 15, 2017.
             Was a Follower of Uskayaw.
             Quit the game in the Dungeon (Sprint I: "Red Sonja").
             The game lasted 00:16:52 (2046 turns).

NeonDemon the Brawler (Troll Fighter)               Turns: 2046, Time: 00:16:53

Health: 101/101    AC:  5    Str: 22    XL:     11   Next: 84%
Magic:  15/15      EV: 13    Int:  2    God:    Uskayaw [*.....]
Gold:   96         SH: 24    Dex: 12    Spells: 10/10 levels left

rFire    . . .     SeeInvis .     - Unarmed
rCold    + . .     Gourm    +   o - +5 large shield of Ytziaziy {rC+ MR+}
rNeg     + . .     Faith    .   a - +0 robe
rPois    .         Spirit   +   (helmet restricted)
rElec    .         Reflect  .   (no cloak)
rCorr    .         Harm     .   (gloves unavailable)
MR       +....     Rnd*Rage +   (boots unavailable) Stlth +.........NoTele +
                                u - amulet of guardian spirit
Regen    0.7/turn               s - ring of positive energy
MPRegen  0.2/turn               t - +3 ring of evasion

@: no status effects
A: unfitting armour, claws 3, berserk 1, dopey 1, fast metabolism 3, frail 2,
gourmand, low mp 1, regeneration 1, shaggy fur 1, tough skin 2, weak 2
a: Stomp, Renounce Religion


You were in the Dungeon.
You worshipped Uskayaw.
Uskayaw was aware of your devotion.
You were not hungry.

You visited 1 branch You collected 1350 gold pieces.
You spent 1254 gold pieces at shops.

Inventory:

Hand Weapons
 b - a +0 blowgun
Missiles
 f - a throwing net (quivered) {!f}
 m - 13 curare-tipped needles
Armour
 a - a +0 robe (worn)
 o - the +5 large shield of Ytziaziy (worn) {rC+ MR+}
   (You bought it in a shop in the Dungeon)

   It protects you from cold.
   It affects your resistance to hostile enchantments.
Jewellery
 s - a ring of positive energy (left claw)
 t - a +3 ring of evasion (right claw)
 u - an amulet of guardian spirit (around neck)
Wands
 l - a wand of scattershot (0/9)
 q - a wand of confusion (26/48)
Scrolls
 g - a scroll of identify {unknown}
 j - a scroll of blinking
 n - a scroll of amnesia {unknown}
Potions
 c - a potion of might
 e - 6 potions of curing
 h - a potion of magic
 k - 2 potions of lignification {unknown}
Miscellaneous
 i - a fan of gales
 p - a box of beasts
Comestibles
 d - 2 bread rations
 r - a royal jelly


   Skills:
 + Level 13.5 Fighting
 - Level 2.4 Dodging
 + Level 13.4 Shields
 - Level 16.9 Unarmed Combat
 + Level 9.3 Invocations


You had 10 spell levels left.
You didn't know any spells.

Dungeon Overview and Level Annotations

Branches:
Dungeon (1/1)

Altars:
Cheibriados
Dithmenos
Elyvilon
Fedhas
Gozag
Hepliaklqana
Kikubaaqudgha
Makhleb
Nemelex Xobeh
Okawaru
Qazlal
Ru
Sif Muna
Trog
Uskayaw
Vehumet
Xom
Yredelemnul
Zin
The Shining One
Jiyva
Lugonu

Shops:
D [%%%=:%(%[**=[[}**(!


Innate Abilities, Weirdness & Mutations

You are too large for most types of armour.
You have claws for hands.
Your metabolism is lightning-fast.
You like to eat raw meat.
Your natural rate of healing is unusually fast.
You are covered in fur. (AC +1)
You have very tough skin. (AC +2)
You tend to lose your temper in combat.
You are dopey. (Int -2)
You are very frail. (-20% HP)
Your magical capacity is low. (-10% MP)
You are very weak. (Str -4)


Message History

There is an open door here.
There is an open door here.
There is an open door here.
You enter the shallow water.
Moving in this stuff is going to be slow.
There is an open door, spattered with blood here.
Things that are here:
an uncursed longbow; 11 arrows You see here a spear.
There is an open door here.
There is an open door here.
There is an open door here.
There is an open door, spattered with blood here.
You are a level 11 Troll Fighter.
You are 84% of the way to level 12.
Play time: 00:16:49 (2043 turns)
Things that are here:
a dagger; a robe Really walk into a travel-excluded area?
Okay, then.
Are you sure you want to abandon this character and quit the game? (Confirm with "yes".)

#################################
.#..'..#__#..')..#..#.§§§§§.§§§.+
.').#..'..'..#)..##'#.####§§§§.##
'#####'#__####..@'..#§# ###§..##
.#...#.####.(#####..§§#+#.###+#
##..##)#≈§§§.#.§##'####^..#y#§#
_##'#(()≈§≈.§'§§#.).^^#§..###§§##
..'..._#)§≈§§#§§#.^^§^'.....##.#A
_##_)#'##'#####'###..^#.....# .##
_###'#.#§..(# #.'.#..^###++## ##.
####.####'### ###.#..## +
..'...'.....+ #.#..#


There were no monsters in sight!

Vanquished Creatures
  A lorocyproca
  2 centaur warriors Sonja
  2 unseen horrors
  A deep troll
  A lindwurm
  An oklob plant
  8 shining eyes
  A gargoyle
  2 kobold demonologists
  4 demonic crawlers
  A hornet
  A slime creature Sigmund
  2 redbacks
  A yak
  13 hogs
  6 floating eyes
  7 necrophages
  An ogre
  8 jellies Ijyb
  2 ballistomycetes
  A ballistomycete spore
69 creatures vanquished.

Vanquished Creatures (others)
  A ballistomycete spore
1 creature vanquished.

Grand Total: 70 creatures vanquished

Notes
Turn   | Place    | Note
-------+----------+-------------------------------------------
     0 | D        | NeonDemon the Troll Fighter began the quest for the Orb.
     0 | D        | Reached XP level 1. HP: 22/22 MP: 0/0
     6 | D        | Noticed Ijyb
    24 | D        | Killed Ijyb
    24 | D        | Reached skill level 3 in Fighting
    24 | D        | Reached skill level 3 in Shields
    24 | D        | Reached skill level 4 in Unarmed Combat
    24 | D        | Reached XP level 2. HP: 31/31 MP: 1/1
    29 | D        | Noticed an ogre
    33 | D        | Killed an ogre
    33 | D        | Reached skill level 4 in Fighting
    33 | D        | Reached skill level 4 in Shields
    33 | D        | Reached skill level 6 in Unarmed Combat
    33 | D        | Reached XP level 3. HP: 40/40 MP: 2/2
    33 | D        | Reached XP level 4. HP: 49/49 MP: 3/3
    48 | D        | Noticed Sigmund
    57 | D        | Killed Sigmund
    57 | D        | Reached skill level 5 in Fighting
    57 | D        | Reached skill level 5 in Shields
    57 | D        | Reached skill level 9 in Unarmed Combat
    57 | D        | Reached XP level 5. HP: 55/59 MP: 4/4
    57 | D        | Reached XP level 6. HP: 63/67 MP: 5/5
    74 | D        | Found a deep blue altar of Sif Muna.
    76 | D        | Found a radiant altar of Vehumet.
   208 | D        | Found Hireyd Jeutz's Food Emporium.
   208 | D        | Found an ancient bone altar of Kikubaaqudgha.
   208 | D        | Found a hazy altar of Hepliaklqana.
   208 | D        | Found a hide-covered altar of Uskayaw.
   208 | D        | Found a basalt altar of Yredelemnul.
   208 | D        | Found an opulent altar of Gozag.
   208 | D        | Found a snail-covered altar of Cheibriados.
   208 | D        | Found a sacrificial altar of Ru.
   208 | D        | Found a shadowy altar of Dithmenos.
   208 | D        | Noticed a yak
   213 | D        | Killed a yak
   213 | D        | Reached skill level 6 in Fighting
   213 | D        | Reached skill level 6 in Shields
   213 | D        | Reached skill level 10 in Unarmed Combat
   214 | D        | Found a stormy altar of Qazlal.
   214 | D        | Found a blossoming altar of Fedhas.
   214 | D        | Found a bloodstained altar of Trog.
   214 | D        | Found an iron altar of Okawaru.
   214 | D        | Found a glowing golden altar of the Shining One.
   214 | D        | Found a glowing silver altar of Zin.
   214 | D        | Found a white marble altar of Elyvilon.
   217 | D        | Found a sparkling altar of Nemelex Xobeh.
   279 | D        | Became a worshipper of Uskayaw the Reveler
   290 | D        | Found a burning altar of Makhleb.
   290 | D        | Found a viscous altar of Jiyva.
   290 | D        | Found a shimmering altar of Xom.
   290 | D        | Found a corrupted altar of Lugonu.
   290 | D        | Noticed a slime creature
   296 | D        | Reached * piety under Uskayaw
   297 | D        | Reached ** piety under Uskayaw
   299 | D        | Killed a slime creature
   299 | D        | Reached skill level 7 in Fighting
   299 | D        | Reached skill level 7 in Shields
   299 | D        | Reached skill level 11 in Unarmed Combat
   299 | D        | Reached XP level 7. HP: 31/78 MP: 6/6
   383 | D        | Noticed Sonja
   394 | D        | Killed Sonja
   394 | D        | Reached skill level 8 in Fighting
   394 | D        | Reached skill level 8 in Shields
   394 | D        | Reached skill level 12 in Unarmed Combat
   394 | D        | Reached XP level 8. HP: 75/88 MP: 7/7
   555 | D        | Noticed a centaur warrior
   562 | D        | Noticed a centaur warrior
   563 | D        | Killed a centaur warrior
   563 | D        | Reached skill level 13 in Unarmed Combat
   567 | D        | Reached *** piety under Uskayaw
   573 | D        | Killed a centaur warrior
   573 | D        | Reached skill level 9 in Fighting
   573 | D        | Reached skill level 9 in Shields
   573 | D        | Reached skill level 14 in Unarmed Combat
   573 | D        | Reached XP level 9. HP: 53/100 MP: 3/8
   652 | D        | Noticed a kobold demonologist
   653 | D        | Noticed a kobold demonologist
   659 | D        | Killed a kobold demonologist
   659 | D        | Reached skill level 15 in Unarmed Combat
   662 | D        | Reached **** piety under Uskayaw
   663 | D        | Killed a kobold demonologist
   712 | D        | Found Naoxoc's Armour Boutique.
   732 | D        | Noticed a deep troll
   742 | D        | Killed a deep troll
   742 | D        | Reached skill level 10 in Fighting
   742 | D        | Reached skill level 10 in Shields
   804 | D        | Bought the +5 large shield of Ytziaziy {rC+ MR+} for 540 gold pieces
   845 | D        | Noticed a demonic crawler
   845 | D        | Noticed a demonic crawler
   845 | D        | Noticed a demonic crawler
   845 | D        | Noticed a demonic crawler
   853 | D        | Killed a demonic crawler
   855 | D        | Killed a demonic crawler
   855 | D        | Reached XP level 10. HP: 73/111 MP: 9/9
   858 | D        | Reached skill level 16 in Unarmed Combat
   859 | D        | Reached ***** piety under Uskayaw
   868 | D        | Noticed a gargoyle
   876 | D        | Killed a gargoyle
   884 | D        | Noticed a lindwurm
   889 | D        | Killed a lindwurm
   952 | D        | Reached skill level 11 in Fighting
   954 | D        | Reached skill level 11 in Shields
   954 | D        | Reached skill level 1 in Invocations
   954 | D        | Reached skill level 2 in Invocations
   963 | D        | Reached skill level 3 in Invocations
   964 | D        | Reached ****** piety under Uskayaw
   973 | D        | Reached skill level 4 in Invocations
  1053 | D        | Killed a lorocyproca
  1053 | D        | Reached skill level 5 in Invocations
  1053 | D        | Reached XP level 11. HP: 49/123 MP: 0/13
  1238 | D        | Noticed a daeva
  1308 | D        | Noticed an oklob plant
  1315 | D        | Killed an oklob plant
  1315 | D        | Reached skill level 12 in Fighting
  1315 | D        | Reached skill level 12 in Shields
  1328 | D        | Reached skill level 6 in Invocations
  1370 | D        | Killed an unseen horror
  1392 | D        | Killed an unseen horror
  1544 | D        | Reached skill level 7 in Invocations
  1698 | D        | Noticed a shining eye
  1698 | D        | Noticed a shining eye
  1698 | D        | Noticed a shining eye
  1698 | D        | Noticed a shining eye
  1698 | D        | Noticed a shining eye
  1698 | D        | Noticed a shining eye
  1700 | D        | Paralysed by a floating eye for 3 turns
  1705 | D        | Gained mutation: You are weak. (Str -2) [a shining eye]
  1706 | D        | Gained mutation: You are frail. (-10% HP) [a shining eye]
  1707 | D        | Paralysed by a floating eye for 2 turns
  1709 | D        | Gained mutation: You tend to lose your temper in combat. [a shining eye]
  1712 | D        | Noticed a shining eye
  1712 | D        | Noticed a shining eye
  1713 | D        | Killed a shining eye
  1713 | D        | Reached skill level 8 in Invocations
  1713 | D        | Killed a shining eye
  1713 | D        | Reached skill level 13 in Fighting
  1713 | D        | Killed a shining eye
  1713 | D        | Reached skill level 13 in Shields
  1713 | D        | Killed a shining eye
  1713 | D        | Gained mutation: Your magical capacity is low. (-10% MP) [a shining eye]
  1713 | D        | Gained mutation: You are very weak. (Str -4) [a shining eye]
  1714 | D        | Gained mutation: You are very frail. (-20% HP) [a shining eye]
  1716 | D        | Killed a shining eye
  1716 | D        | Gained mutation: You are dopey. (Int -2) [a shining eye]
  1719 | D        | Killed a shining eye
  1725 | D        | Reached skill level 9 in Invocations
  1727 | D        | Killed a shining eye
  1728 | D        | Killed a shining eye
  1813 | D        | Found Zajas's Jewellery Shop.
  1813 | D        | Found Ciguv's Food Shoppe.
  1813 | D        | Found Nemag's Book Boutique.
  1813 | D        | Found Ixtomomm's Food Emporium.
  1833 | D        | Bought a +3 ring of evasion for 294 gold pieces
  1833 | D        | Bought an uncursed amulet of guardian spirit for 420 gold pieces
  1990 | D        | Found Byporaosm's Antique Weapon Shoppe.
  1990 | D        | Found Kineuck's Food Shop.
  1990 | D        | Found Dulyaruiwk's Food Boutique.
  1992 | D        | Found Pyzah's Armour Emporium.
  1992 | D        | Found Bopy Faapn's Assorted Antiques.
  1992 | D        | Found Xoutar's Assorted Antiques.
  1992 | D        | Found Izater's Jewellery Boutique.
  1992 | D        | Found Foyl Ora's Antique Armour Emporium.
  1992 | D        | Found Ydaatoargh's Armour Shop.
  1992 | D        | Found Faxevupn's Gadget Shoppe.
  1994 | D        | Found Vipnyall's Assorted Antiques.
  1995 | D        | Found Isolir's Weapon Emporium.
  1995 | D        | Found Mutwon's General Store.
  1996 | D        | Found Figair's Distillery.
  2046 | D        | Quit the game

Skill      XL: |  1  2  3  4  5  6  7  8  9 10 11 |
---------------+----------------------------------+-----
Fighting       | 3 4 5 7 8 9 10 11 13 | 13.5
Shields        | 3 4 5 7 8 9 10 11 13 | 13.4
Unarmed Combat | 4 6 9 11 12 14 15 16 | 16.9
Invocations    | 5 9 |  9.3
Dodging        | |  2.4

Action                   |  1- 3 |  4- 6 |  7- 9 | 10-12 || total
-------------------------+-------+-------+-------+-------++-------
Melee: Unarmed           |    20 |    22 |    34 |   113 ||   189
Invok: Line Pass         |       |       |     1 |     2 ||     3
       Stomp             |       |       |       |     3 ||     3
Evoke: Wand              |       |       |       |     1 ||     1
  Use: Potion            |       |       |     2 |     2 ||     4
 Stab: Paralysed         |       |       |     3 |     7 ||    10
       Confused          |       |       |       |     1 ||     1
  Eat: Chunk             |       |     2 |    12 |     3 ||    17
Armor: Robe              |     8 |     1 |    10 |     9 ||    28
Dodge: Dodged            |     3 |     4 |    14 |     7 ||    28
Block: Shield            |     5 |     5 |    20 |       ||    30
       Large shield      |       |       |    13 |    54 ||    67
